Map: Submarine LE

Players

A.I. 1 (Very Easy) - Winner!

  • Race: Zerg Zerg

Eleven

  • Race: Zerg Zerg
  • League: Diamond

VOD

Have the link to the VOD?

Description

Time

  • Played on: Aug. 18, 2021, 7:56 a.m.
  • Length: 5:14
Show
View Real Time Build Order
Export as new Build Order

A.I. 1 (Very Easy) Zerg - Winner!

Build Orders: Hatch First 

Get SALT Encoding   

  12  0:01  Drone  
  13  0:12  Overlord  
  13  0:16  Drone  
  14  0:41  Hatchery  
  13  0:45  Drone  
  14  1:03  Spawning Pool  
  13  1:05  Drone  
  13  1:10  Extractor  
  13  1:13  Drone  
  14  1:20  Overlord  
  14  1:49  Zergling x2  
  14  1:50  Queen  
  14  1:51  Zergling x2  
  18  2:00  Roach Warren  
  17  2:04  Drone  
  17  2:07  Extractor  
  17  2:11  Drone  
  17  2:15  Zergling x2  
  19  2:20  Drone  
  20  2:27  Drone  
  21  2:34  Drone  
  22  2:41  Drone  
  23  2:48  Drone  
  24  2:56  Lair, Drone  
  25  3:03  Drone  
  26  3:28  Drone  
  27  3:35  Drone  
  27  3:38  Overlord  
  28  3:42  Drone  
  29  3:49  Drone  
  30  3:56  Drone, Spire  
  30  4:02  Overseer  
  30  4:04  Drone  
  31  4:10  Overseer  
  31  4:11  Drone  
  32  4:18  Drone  
  32  4:19  Overlord  
  33  4:25  Drone  
  34  4:32  Drone  
  35  4:39  Drone, Extractor  
  35  4:47  Drone  
  35  4:52  Extractor  
  35  4:54  Drone  
  36  5:01  Drone  
Show
View Real Time Build Order
Export as new Build Order

Eleven Zerg 

Build Orders: Hatch First 

Get SALT Encoding   

  12  0:01  Drone  
  13  0:12  Overlord  
  13  0:16  Drone  
  14  0:32  Drone x2  
  16  0:44  Drone  
  17  0:54  Hatchery  
  17  0:55  Drone  
  17  0:58  Drone  
  18  1:09  Extractor  
  17  1:14  Spawning Pool  
  17  1:16  Drone  
  17  1:19  Drone  
  18  1:28  Drone  
  20  1:40  Drone  
  20  1:50  Drone  
  21  2:02  Zergling x2  
  21  2:05  Queen  
  21  2:06  Queen  
  21  2:07  Zergling x2  
  27  2:12  Overlord  
  27  2:19  Drone  
  28  2:26  Hatchery, Drone  
  28  2:30  Drone  
  28  2:34  Drone  
  30  2:38  Drone  
  30  2:43  Queen  
  33  2:45  Overlord  
  33  2:49  Drone  
  34  2:54  Drone  
  34  2:57  Metabolic Boost  
  35  3:00  Drone  
  35  3:05  Drone  
  37  3:10  Drone  
  38  3:13  Overlord  
  38  3:14  Drone x2  
  38  3:16  Drone x3  
  43  3:20  Overlord  
  43  3:28  Drone  
  43  3:31  Queen  
  43  3:32  Drone  
  47  3:34  Drone  
  47  3:38  Drone  
  47  3:39  Drone  
  50  3:45  Drone  
  50  3:46  Queen  
  53  3:54  Drone x5  
  58  3:59  Drone  
  58  4:02  Drone x2  
  61  4:04  Drone x2  
  61  4:05  Overlord  
  63  4:16  Lair  
  63  4:17  Drone x3  
  63  4:21  Overlord x2  
  66  4:27  Evolution Chamber x2  
  66  4:29  Zergling x8  
  68  4:32  Zergling x10  
  68  4:35  Overlord x2  
  74  4:38  Zergling x2  
  74  4:40  Baneling Nest  
  74  4:44  Zergling x2  
  74  4:47  Zergling x6  
  79  4:56  Zergling x8  
Tags
 
Add a new tag
Caveats
  • Supply blocks, unpowered buildings, or Contaminate may cause inaccurate times.
  • Supply counts are checked every 10 seconds.